 Dungeon Crawl Stone Soup version 0.29-a0-872-g797fff5ad1 (webtiles) character file.

Game seed: 1912485884204951554

75642 kevlar127 the Brawler (level 15, -9/244 HPs)
             Began as a Troll Berserker on July 18, 2022.
             Was an Elder of Trog.
             Mangled by Palms's ghost (20 damage)
             ... on level 10 of the Dungeon.
             The game lasted 01:52:48 (28235 turns).

kevlar127 the Brawler (Troll Berserker)            Turns: 28235, Time: 01:52:49

Health: -9/244     AC: 11    Str: 35    XL:     15   Next: 10%
Magic:  14/14      EV:  9    Int:  3    God:    Trog [****..]
Gold:   1399       SH: 10    Dex:  9    Spells: 14/14 levels left

rFire   + . .      SeeInvis .     - Unarmed
rCold   + . .      Faith    +   t - +0 kite shield
rNeg    . . .      Spirit   .   R - +2 robe {rC+ rF+}
rPois   .          Reflect  .   (helmet restricted)
rElec   .          Harm     .   m - +0 cloak
rCorr   .          Rampage  .   (gloves unavailable)
Will    +++..                   (boots unavailable)
Stlth   ..........              p - amulet of faith
HPRegen 2.30/turn               P - +4 ring of protection
MPRegen 0.14/turn               w - ring of flight

@: berserking, strong-willed, flying, regenerating, studying Fighting, very
quick
A: large, unfitting armour, claws 3, regeneration 1, shaggy fur 1, tough skin 1
a: Renounce Religion, Berserk, Trog's Hand, Brothers in Arms


You were on level 10 of the Dungeon.
You worshipped Trog.
Trog was greatly pleased with you.
You visited 3 branches of the dungeon, and saw 20 of its levels.

You collected 3034 gold pieces.
You spent 1635 gold pieces at shops.

Inventory:

Missiles
 b - 16 stones (quivered)
 q - 6 javelins
 v - 5 throwing nets
 x - 5 boomerangs
 B - a curare-tipped dart
 E - 3 silver boomerangs
 K - 24 poisoned darts
 V - a boomerang of dispersal
Armour
 m - a +0 cloak (worn)
 t - a +0 kite shield (worn)
 u - +0 steam dragon scales
 R - a +2 robe of resistance (worn)
Jewellery
 h - an amulet of reflection
 n - a +4 ring of protection
 p - an amulet of faith (around neck)
 w - a ring of flight (right claw)
 G - a ring of ice
 P - a +4 ring of protection (left claw)
 Q - the ring "Ecwamum" {rN+ MP+9}
   (You found it on level 11 of the Dungeon)

   [ring of magical power]

   rN:        It protects you from negative energy.
   MP:        It affects your magic capacity (+9).
 W - a ring of fire
Wands
 k - a wand of mindburst (22)
 F - a wand of flame (42)
 H - a wand of digging (9)
 O - a wand of charming (9)
 X - a wand of roots (12)
Scrolls
 e - 4 scrolls of teleportation
 f - 4 scrolls of noise
 g - 4 scrolls of enchant armour
 o - 4 scrolls of magic mapping
 r - 5 scrolls of immolation
 A - 2 scrolls of vulnerability
 D - 4 scrolls of fog
 T - 3 scrolls of poison
Potions
 a - 3 potions of mutation
 c - 4 potions of attraction
 d - a potion of invisibility {unknown}
 i - 5 potions of flight
 j - 10 potions of curing
 l - 2 potions of cancellation {unknown}
 s - 2 potions of might {unknown}
 z - 5 potions of ambrosia
 C - 2 potions of heal wounds {unknown}
 I - 3 potions of haste
 L - 2 potions of magic {unknown}
 M - a potion of lignification {unknown}
 S - a potion of brilliance {unknown}
 U - 5 potions of degeneration
Miscellaneous
 J - a piece from Xom's chessboard (15/15)


   Skills:
 + Level 14.1 Fighting
 + Level 9.6 Throwing
 - Level 4.0 Armour
 - Level 4.0 Dodging
 + Level 9.9 Shields
 + Level 15.9 Unarmed Combat


You had 14 spell levels left.
You didn't know any spells.
Your spell library was empty.

Dungeon Overview and Level Annotations

Branches:
Dungeon (13/15)            Temple (0/1) D:7            Lair (5/5) D:8
 Shoals (0/4) Lair:3       Spider (0/4) Lair:3        Slime (0/5) Lair:5
    Orc (2/2) D:12            Elf (0/3) Orc:2
 Vaults: D:13-14

Altars:
Dithmenos
Fedhas
Gozag
Kikubaaqudgha
Qazlal
Sif Muna
Vehumet
Wu Jian
The Shining One
Jiyva

Shops:
D:10 *   Orc:1 ?   Orc:2 *((::

Portals:
Trove: D:12 (give 16 scrolls of teleportation)

Annotations:
D:10 Palms's ghost, journeyman TrFi
Lair:5 1 runed translucent door


Innate Abilities, Weirdness & Mutations

You are too large for most types of armour.
You have claws for hands.
Your natural rate of healing is unusually fast.
You are covered in fur. (AC +1)
You have tough skin. (AC +1)


Message History

Palms's ghost hits you but does no damage.
You block the wyvern's attack.
You mangle the centaur!!
You kill the centaur!
Trog accepts your kill.
You closely miss the wyvern. The wyvern barely misses you.
You block Palms's ghost's attack.
You closely miss the wyvern. The wyvern bites you.
* * * LOW HITPOINT WARNING * * *
Unknown command.
You claw the wyvern!
The wyvern is heavily wounded.
Palms's ghost completely misses you. You block the wyvern's attack.
You closely miss the wyvern.
The wyvern is heavily wounded.
The wyvern bites you!
* * * LOW HITPOINT WARNING * * *
You mangle the wyvern!!
You kill the wyvern!
Trog accepts your kill. Palms's ghost hits you!
* * * LOW HITPOINT WARNING * * *
Press: ? - help, v - describe, . - travel, g - get item
Here: Palms's ghost
Items here: a +0 dagger; a +0 robe.
An open translucent gate, spattered with blood.
You mangle Palms's ghost!!
Palms's ghost is moderately damaged.
You block Palms's ghost's attack.
You mangle Palms's ghost!!
Palms's ghost is moderately damaged.
You mangle Palms's ghost!!
Palms's ghost is severely damaged.
You block Palms's ghost's attack.
You mangle Palms's ghost!!
Palms's ghost is almost destroyed.
You barely miss Palms's ghost.
Palms's ghost is almost destroyed.
Palms's ghost hits you!!
You die...

.#................#
##................#
.......#########..##
.......#.......#...#
[).....#..###..#...#
[#.....#..###..)...#
###....#.......'...#####
#......#..###.HW.).....# ###
.......#..###..#@......###.##
#.###..#.......#............##
####...#########............<#
#.##.....................#...#
..#.....................###..#
.......................## #.##
.......................# ###
...>..........##....#.##
..............#....##.#


You could see a manticore and Palms's ghost.

Vanquished Creatures
  An orc warlord (Orc:2)
  A dire elephant (Lair:5)
  Snorg (D:10)
  Josephine (D:11)
  A great orb of eyes (D:10)
  A hydra (Lair:5)
  3 boulder beetles
  3 two-headed ogres
  3 death yaks (Lair:5)
  A centaur warrior (Orc:2)
  2 catoblepae (Lair:5)
  An orc knight (D:12)
  3 lindwurms
  A deep elf pyromancer (D:12)
  An oklob plant (Lair:3)
  3 manticores
  4 orc sorcerers
  5 ugly things
  6 black mambas
  A torpor snail (Lair:5)
  2 elephants (Lair:5)
  A guardian serpent (shapeshifter) (D:11)
  Maurice (D:10)
  10 cane toads
  A gargoyle (D:12)
  9 komodo dragons
  2 unseen horrors
  4 rime drakes
  A tengu conjurer (D:12)
  9 trolls
  A queen bee (Lair:4)
  3 meliai (Lair:4)
  11 polar bears
  11 blink frogs
  6 slime creatures
  A raiju (Lair:5)
  9 dream sheep
  A snapping turtle (Lair:3)
  An air elemental (D:11)
  4 wyverns
  A water elemental (D:11)
  3 wraiths (D:11)
  2 basilisks
  66 yaks
  Eustachio (D:4)
  Grum (D:8)
  A fire elemental (D:11)
  2 steam dragons
  10 vampire mosquitoes
  5 wargs
  18 water moccasins
  16 hell hounds (Lair:5)
  4 ice beasts
  36 orc warriors
  A sky beast (D:6)
  14 black bears
  25 wolves
  13 ogres
  13 centaurs
  2 phantoms (D:5)
  7 bullfrogs
  3 kobold brigands
  An earth elemental (D:11)
  A necrophage (D:6)
  4 gnoll sergeants
  6 scorpions
  A hornet simulacrum (D:13)
  12 wights (D:8)
  29 killer bees
  7 howler monkeys
  An electric eel (Lair:1)
  17 orc priests
  5 hounds
  4 gnoll boudas
  2 jellies
  4 iguanas
  29 orc wizards
  17 gnolls
  10 adders
  A shadow imp (D:5)
  2 white imps (D:6)
  2 ufetubi (D:5)
  3 worms
  2 dart slugs
  84 orcs
  6 bats
  6 endoplasms
  2 giant cockroaches
  17 hobgoblins
  8 quokkas
  4 ball pythons
  3 frilled lizards
  6 goblins
  25 kobolds
  5 rats
701 creatures vanquished.

Vanquished Creatures (collateral kills)
  4 hydras
  An ugly thing (D:12)
  A kobold demonologist (D:10)
  2 blink frogs (Lair:4)
  A warg (Lair:5)
  6 orc warriors (Orc:2)
  An ogre (Orc:2)
  A centaur (D:10)
  2 orcs (Orc:2)
19 creatures vanquished.

Vanquished Creatures (others)
  A hell rat (Lair:5)
  3 orcs
  15 fungi
  48 plants
67 creatures vanquished.

Grand Total: 787 creatures vanquished

Notes
Turn   | Place    | Note
-------+----------+-------------------------------------------
     0 | D:1      | kevlar127 the Troll Berserker began the quest for the Orb.
     0 | D:1      | Reached XP level 1. HP: 22/22 MP: 0/0
    13 | D:1      | Found a faded altar of an unknown god.
   141 | D:1      | Reached XP level 2. HP: 27/29 MP: 1/1
  1166 | D:2      | Reached XP level 3. HP: 35/36 MP: 2/2
  1247 | D:2      | Reached ** piety under Trog
  1795 | D:3      | Reached XP level 4. HP: 34/45 MP: 3/3
  1842 | D:3      | Found a glowing golden altar of the Shining One.
  2329 | D:3      | Found a shimmering blue altar of Sif Muna.
  2341 | D:3      | Reached skill level 4 in Unarmed Combat
  2407 | D:4      | Found a blossoming altar of Fedhas.
  2426 | D:4      | Noticed an ogre
  2431 | D:4      | Killed an ogre
  2432 | D:4      | Reached XP level 5. HP: 53/53 MP: 4/4
  2613 | D:4      | Reached XP level 6. HP: 61/62 MP: 5/5
  2775 | D:4      | Noticed Eustachio
  2807 | D:4      | Killed Eustachio
  2808 | D:4      | Reached skill level 5 in Unarmed Combat
  2847 | D:4      | Reached XP level 7. HP: 71/71 MP: 6/6
  3063 | D:5      | Entered Level 5 of the Dungeon
  3063 | D:5      | Found an opulent altar of Gozag.
  3126 | D:5      | Noticed a steam dragon
  3225 | D:5      | Killed a steam dragon
  3226 | D:5      | Reached skill level 6 in Unarmed Combat
  3280 | D:5      | Reached skill level 5 in Fighting
  3365 | D:5      | Reached *** piety under Trog
  3501 | D:5      | Reached XP level 8. HP: 75/81 MP: 7/7
  3533 | D:5      | Reached skill level 7 in Unarmed Combat
  3563 | D:5      | Reached skill level 8 in Unarmed Combat
  3776 | D:5      | Reached XP level 9. HP: 84/93 MP: 8/8
  3881 | D:5      | Found a stormy altar of Qazlal.
  4033 | D:5      | Reached skill level 1 in Throwing
  4365 | D:6      | Reached **** piety under Trog
  4557 | D:6      | Reached skill level 9 in Unarmed Combat
  5894 | D:7      | Found a staircase to the Ecumenical Temple.
  6113 | D:8      | Noticed a troll
  6129 | D:7      | Reached XP level 10. HP: 58/104 MP: 9/9
  6384 | D:7      | Reached skill level 10 in Unarmed Combat
  6693 | D:8      | Reached skill level 5 in Throwing
  6798 | D:8      | Found a staircase to the Lair.
  6996 | D:8      | Reached ***** piety under Trog
  7054 | D:8      | Reached skill level 11 in Unarmed Combat
  7414 | D:8      | Noticed Grum
  7429 | D:8      | Killed Grum
  7957 | D:9      | Noticed a two-headed ogre
  7976 | D:9      | Killed a two-headed ogre
  7977 | D:9      | Reached skill level 1 in Shields
  7990 | D:9      | Reached XP level 11. HP: 88/115 MP: 10/10
  8317 | D:9      | Found a radiant altar of Vehumet.
  8325 | D:9      | Noticed a two-headed ogre
  8333 | D:9      | Killed a two-headed ogre
  8474 | D:9      | Found an ancient bone altar of Kikubaaqudgha.
  8626 | D:9      | Received a gift from Trog
  8764 | D:9      | Reached skill level 10 in Fighting
  9241 | D:10     | Entered Level 10 of the Dungeon
  9241 | D:10     | Found Xif Oll's Demolitions Depot.
  9258 | D:10     | Reached skill level 12 in Unarmed Combat
  9263 | D:10     | Noticed Snorg
  9264 | D:10     | Noticed a two-headed ogre
  9279 | D:10     | Killed Snorg
  9282 | D:10     | Killed a two-headed ogre
  9814 | D:10     | Found an ornate altar of the Wu Jian Council.
  9821 | D:10     | Noticed Maurice
  9830 | D:10     | Killed Maurice
 10005 | D:10     | Noticed Palms's ghost (journeyman TrFi)
 10007 | D:10     | Found a runed translucent gate.
 10013 | D:10     | Found a runed translucent gate.
 10014 | D:10     | Found a runed translucent gate.
 10025 | D:10     | Noticed a great orb of eyes
 10416 | D:11     | Reached skill level 5 in Shields
 10671 | D:11     | Noticed Josephine
 10681 | D:11     | Killed Josephine
 10817 | D:11     | Reached ****** piety under Trog
 11073 | D:11     | Reached XP level 12. HP: 123/128 MP: 11/11
 11157 | D:11     | Identified the ring "Ecwamum" {rN+ MP+9}
 11316 | D:11     | Found a large runed translucent door.
 11316 | D:11     | Found a large runed translucent door.
 11515 | D:11     | Received a gift from Trog
 11653 | D:11     | Paralysed by an air elemental for 1 turns
 11654 | D:11     | Reached skill level 13 in Unarmed Combat
 11664 | D:11     | Reached skill level 1 in Armour
 12479 | D:12     | Found a staircase to the Orcish Mines.
 12586 | D:12     | Noticed a five-headed hydra
 12591 | D:12     | Killed a six-headed hydra
 12711 | D:12     | Found a shadowy altar of Dithmenos.
 12910 | D:12     | Identified the +3 mace "Ceathrebi" {vorpal, rCorr}
 12930 | D:12     | Noticed a boulder beetle
 12940 | D:12     | Killed a boulder beetle
 13135 | D:12     | Found a portal to a secret trove of treasure.
 13366 | Lair:1   | Entered Level 1 of the Lair of Beasts
 13527 | Lair:1   | Received a gift from Trog
 14181 | Lair:2   | Reached XP level 13. HP: 123/137 MP: 12/12
 14636 | Lair:2   | Reached skill level 14 in Unarmed Combat
 15317 | Lair:3   | Found a hole to the Spider Nest.
 15818 | Lair:3   | Received a gift from Trog
 16480 | Lair:3   | Found a staircase to the Shoals.
 18358 | Orc:1    | Entered Level 1 of the Orcish Mines
 18371 | D:12     | Reached XP level 14. HP: 118/150 MP: 13/13
 18781 | Orc:1    | Found Giucs's Magic Scroll Shoppe.
 19827 | Orc:1    | Received a gift from Trog
 20742 | Orc:2    | Entered Level 2 of the Orcish Mines
 20787 | Orc:2    | Found Ohiarr's Overcharged Wands.
 21995 | Orc:2    | Received a gift from Trog
 22015 | Orc:2    | Reached skill level 15 in Unarmed Combat
 22520 | Orc:2    | Found Wosex's Book Boutique.
 22521 | Orc:2    | Found Delil's Antique Weapon Emporium.
 22521 | Orc:2    | Found Bak Neum's Book Shop.
 22524 | Orc:2    | Found Fetefa's Weapon Shoppe.
 22536 | Orc:2    | Bought 3 silver boomerangs for 54 gold pieces
 22536 | Orc:2    | Bought 5 poisoned darts for 24 gold pieces
 22544 | Orc:2    | Bought a manual of Fighting for 1440 gold pieces
 22677 | Orc:2    | Noticed an orc warlord
 22852 | Orc:2    | Killed an orc warlord
 22994 | Orc:2    | Found a staircase to the Elven Halls.
 24130 | Orc:1    | Bought a scroll of teleportation for 39 gold pieces
 24130 | Orc:1    | Bought a scroll of teleportation for 39 gold pieces
 24130 | Orc:1    | Bought a scroll of teleportation for 39 gold pieces
 24420 | Lair:5   | Entered Level 5 of the Lair of Beasts
 24452 | Lair:5   | Found a dark tunnel.
 24772 | Lair:5   | Found a runed translucent door.
 24772 | Lair:5   | Noticed an acid blob
 24773 | Lair:5   | Found a viscous altar of Jiyva.
 24773 | Lair:5   | Found a staircase to the Slime Pits.
 25045 | Lair:5   | Identified the +3 falchion "Newtbane" {vorpal, rElec rN+}
                  | (Trog gifted it to you on level 5 of the Lair of Beasts)
 25045 | Lair:5   | Received a gift from Trog
 26075 | Lair:5   | Identified the +2 pair of gloves of the Alphagorgon {Drain
                  | Int+6}
 27500 | Lair:5   | Reached XP level 15. HP: 159/163 MP: 14/14
 28206 | D:10     | Paralysed by a great orb of eyes for 4 turns
 28230 | D:10     | HP: 5/244 [Palms's ghost (16)]
 28235 | D:10     | Mangled by Palms's ghost

Illustrated notes

Levels and vault maps discovered:
D:1:      dpeg_arrival_tiny_a, layout_basic,
          chequers_ecumenical_altar_simple_redux, chequers_serial_rivers_micro_d
D:2:      minmay_chambers_of_ones, layout_loops_ring
D:3:      layout_loops_ring, kennysheep_orc_sif_temple,
          nicolae_tso_swordbearing_angel
D:4:      layout_basic, lemuel_round_altar, uniq_eustachio
D:5:      minmay_polygon_palace, layout_gridville, grunt_gozag_statues,
          grunt_qazlal_clouds, kennysheep_nub
D:6:      minmay_angry_zag, layout_layer_cave, moated_statue
D:7:      layout_rooms, temple_fountains
D:8:      layout_gridville, minmay_lair_entry_grove, minmay_manual_mares,
          uniq_grum
D:9:      kennysheep_housing_project, layout_rooms, nicolae_vehumet_radiance,
          kiku_gazebo_pond_becter
D:10:     layout_cave_pools, nzn_wu_jian_council_hall, gammafunk_ghost_split,
          chequers_serial_rivers_marsh, nicolae_blasting_shop, uniq_maurice,
          uniq_snorg
D:11:     layout_roguey, lightli_elemental_guards, uniq_josephine
D:12:     layout_loops_ring, david_orc_3, enter_trove_6, grunt_ogre_cave,
          st_stairs_4, chequers_serial_rivers_micro_b,
          nicolae_dithmenos_shadow_blocks
D:13:     minmay_shrinking_squares, layout_basic, david_vaults_5,
          minmay_mirror_moons_of_madness, uniq_kirke, uniq_jorgrun
Lair:1:   layout_loops_ring, st_stairs_3, grunt_megastairs_2,
          infiniplex_staircase_pool, serial_bayou_shore_b
Lair:2:   layout_misc_corridors, serial_rivers, chequers_serial_rivers_room_b,
          chequers_serial_rivers_large_a, chequers_serial_rivers_small_3,
          chequers_serial_rivers_micro_b, chequers_serial_rivers_micro_c
Lair:3:   layout_long_grid, minmay_shoals_entry_hut, spider_nest_entry_web_field
Lair:4:   layout_misc_corridors, special_room [special_room_bee]
Lair:5:   hangedman_lair_in_review, layout_gridlike,
          hangedman_lair_caniforms_friends, slime_entry_2, enter_volcano_2,
          nicolae_lair_grove_arrangements
Orc:1:    layout_caves, serial_shops, nicolae_shop_crystal
Orc:2:    st_orc_rangers, layout_caves, basic_altar,
          nicolae_shop_overcharged_wands

Skill      XL: |  1  2  3  4  5  6  7  8  9 10 11 12 13 14 |
---------------+-------------------------------------------+-----
Fighting       | 3 4 5 7 8 9 10 11 12 14 | 14.1
Dodging        | 3 4 |  4.0
Unarmed Combat | 4 5 6 8 9 11 12 13 14 15 | 15.9
Throwing       | 4 5 7 9 |  9.6
Shields        | 1 5 7 8 9 |  9.9
Armour         | 3 4 |  4.0

Action                   |  1- 3 |  4- 6 |  7- 9 | 10-12 | 13-15 || total
-------------------------+-------+-------+-------+-------+-------++-------
Melee: Unarmed           |   109 |   105 |   292 |   626 |  1075 ||  2207
       Punch             |     4 |     3 |     7 |    25 |       ||    39
Throw: Stone             |       |       |     2 |       |    97 ||    99
       Boomerang         |       |       |       |   148 |    88 ||   236
       Dart              |       |       |       |       |    41 ||    41
Invok: Trog's Hand       |       |       |     1 |     4 |    10 ||    15
       Berserk           |       |       |       |     3 |     8 ||    11
       Brothers in Arms  |       |       |       |     1 |     9 ||    10
Evoke: Wand              |       |       |       |     1 |       ||     1
  Use: Scroll            |       |       |       |     7 |    17 ||    24
       Potion            |       |       |       |       |     3 ||     3
 Stab: Sleeping          |       |       |     1 |       |       ||     1
Armor: Animal skin       |    42 |    60 |     2 |       |       ||   104
       Steam dragon scal |       |       |   193 |   191 |       ||   384
       Robe              |       |       |       |    66 |   384 ||   450
Dodge: Dodged            |    60 |    67 |   181 |   262 |   438 ||  1008
Block: Kite shield       |       |       |       |    85 |   551 ||   636

Table legend: (Time is in decaauts)
 A = Elapsed time spent in this place.
 B = Non-inter-level travel time spent in this place.
 C = Inter-level travel time spent in this place.
 D = Time resting spent in this place.
 E = Time spent auto-exploring this place.
 F = Levels seen in this place.
 G = Mean time per level.
                   A        B        C        D        E       F      G
               +--------+--------+--------+--------+--------+-----+--------+
         Total |  28017 |  25798 |   2219 |   9446 |  11839 |  20 | 1400.8 |
       Dungeon |  14572 |  13107 |   1465 |   3600 |   7199 |  13 | 1120.9 |
          Lair |   9451 |   8771 |    680 |   3575 |   3773 |   5 | 1890.2 |
  Orcish Mines |   3993 |   3920 |     73 |   2270 |    867 |   2 | 1996.5 |
               +--------+--------+--------+--------+--------+-----+--------+

Top non-repeatable levels by time:
  Lair:5: 3430 daAuts
   Orc:2: 2299 daAuts
  Lair:4: 2059 daAuts
    D:12: 1925 daAuts
     D:9: 1851 daAuts
   Orc:1: 1693 daAuts
  Lair:3: 1666 daAuts
    D:11: 1584 daAuts
  Lair:2: 1523 daAuts
     D:8: 1373 daAuts
     D:7: 1253 daAuts
    D:10: 1133 daAuts
     D:5: 1110 daAuts
     D:6: 1076 daAuts
     D:1: 928 daAuts
